 Dungeon Crawl Stone Soup version 0.30-a0-639-g3916f1956a (webtiles) character file.

Game seed: 16236866313783290476

186 tio the Grave Robber (level 5, 0/35 HPs)
             Began as a Demonspawn Necromancer on Jan 16, 2023.
             Slain by a worm (6 damage)
             ... on level 3 of the Dungeon.
             The game lasted 00:09:31 (2229 turns).

tio the Grave Robber (Demonspawn Necromancer)       Turns: 2229, Time: 00:09:32

Health: 0/35       AC:  2    Str: 10    XL:     5   Next: 38%
Magic:  15/18      EV: 12    Int: 16    God:
Gold:   142        SH:  0    Dex: 14    Spells: 9/10 levels left

rFire   + . .      SeeInvis .    c - +0 short sword (venom)
rCold   . . .      Faith    .    (no shield)
rNeg    . . .      Spirit   .    a - +0 robe
rPois   .          Reflect  .    (no helmet)
rElec   .          Harm     .    (no cloak)
rCorr   .          Rampage  .    (no gloves)
Will    .....                    (no boots)
Stlth   +                        (no amulet)
HPRegen 0.25/turn                d - ring of protection from fire
MPRegen 0.32/turn                e - ring of magical power

@: very slow
A: magic regeneration, sturdy frame 1
a: no special abilities


You were on level 3 of the Dungeon.
You visited 1 branch of the dungeon, and saw 3 of its levels.

You collected 142 gold pieces.

Inventory:

Hand Weapons
 c - a +0 short sword of venom (weapon)
 j - a +2 dagger of freezing
Missiles
 g - 4 boomerangs of dispersal
Armour
 a - a +0 robe (worn)
Jewellery
 d - a ring of protection from fire (left hand)
 e - a ring of magical power (right hand)
 k - a ring of flight
Scrolls
 i - a scroll of silence {unknown}
 l - a scroll of fog {unknown}
 o - a scroll of teleportation {unknown}
 p - a scroll of enchant armour {unknown}
Potions
 b - a potion of magic
 f - 2 potions of brilliance {unknown}
 h - a potion of curing {unknown}
 m - a potion of attraction {unknown}
 n - a potion of heal wounds {unknown}


   Skills:
 + Level 2.1 Dodging
 + Level 2.1 Stealth
 + Level 3.2 Spellcasting
 + Level 6.2 Necromancy


You had 9 spell levels left.
You knew the following spells:

 Your Spells              Type           Power      Damage    Failure   Level
a - Necrotise             Necr           88%        1d8       1%          1

Your spell library contained the following spells:

 Spells                   Type           Power      Damage    Failure   Level
 Vampiric Draining        Necr           22%        2d7       4%          3
 Animate Dead             Necr           22%        N/A       14%         4
 Agony                    Necr           22%        N/A       36%         5


Dungeon Overview and Level Annotations

Branches:
Dungeon (3/15)

Altars:
Ru

Annotations:
D:3 Terence


Innate Abilities, Weirdness & Mutations

You regenerate magic rapidly.
Your movements are slightly less encumbered by armour. (ER -2)


Message History

You kill the adder!
The dead are slithering!
Your rat skeleton splashes around in the water.
The river rat bites you!
The river rat writhes in agony!
Your rat skeleton barely misses the river rat.
The river rat misses you.
The river rat writhes in agony!
You kill the river rat!
You can't see any susceptible monsters within range! (Use Z to cast anyway.)
You swap places.
A rat comes into view.
The rat writhes in agony.
The rat splashes around in the water.
You can't see any susceptible monsters within range! (Use Z to cast anyway.)
You swap places.
A worm comes into view.
The rat twitches its whiskers.
The rat bites you but does no damage.
The rat splashes around in the water.
Your unstable footing causes you to fumble your attack.
The rat bites you.
You closely miss the rat.
The rat is severely wounded.
Your rat skeleton crumbles into dust!
The rat bites you.
You are too injured to fight recklessly!
You are too injured to fight recklessly!
You are too injured to fight recklessly!
You closely miss the rat.
The rat is severely wounded.
The rat bites you.
You hit the rat.
You kill the rat!
Your unstable footing causes you to fumble your attack.
Your unstable footing causes you to fumble your attack.
Your unstable footing causes you to fumble your attack.
The worm bites you!
* * * LOW HITPOINT WARNING * * *
Your unstable footing causes you to fumble your attack.
The worm bites you.
You die...

#)##.#### #.#......
#....#Z## ###.#.###
##..... # ##.###
####~#~# #.##.
#~w~~~~# #.##.
#@######### #.#..
#Z~~~~~~~~## #....
#####~#~#~~.#####..
#..~~~~†.~...# #..
.......~.....#.####†.
....r........#......>
.......###...........
.....## #.###.......
..... ..# ######..


You could see a worm (ally target) and a friendly adder skeleton.

Vanquished Creatures
  2 hounds
  3 gnolls (D:2)
  A river rat (D:3)
  4 adders (D:3)
  2 worms (D:3)
  5 ball pythons
  3 bats
  4 endoplasms
  2 giant cockroaches (D:2)
  5 goblins
  3 hobgoblins
  4 jackals (D:2)
  A quokka (D:1)
  3 frilled lizards
  5 rats
47 creatures vanquished.

Vanquished Creatures (collateral kills)
  A goblin (D:3)
  A jackal (D:2)
2 creatures vanquished.

Grand Total: 49 creatures vanquished

Notes
Turn   | Place    | Note
-------+----------+-------------------------------------------
     0 | D:1      | tio the Demonspawn Necromancer began the quest for the Orb.
     0 | D:1      | Reached XP level 1. HP: 13/13 MP: 3/3
    77 | D:1      | Found a faded altar of an unknown god.
   311 | D:1      | Gained mutation: Your movements are slightly less
                  | encumbered by armour. (ER -2) [demonic ancestry]
   311 | D:1      | Reached XP level 2. HP: 19/19 MP: 5/5
  1138 | D:2      | Reached skill level 5 in Necromancy
  1175 | D:2      | Reached XP level 3. HP: 24/24 MP: 6/6
  1373 | D:2      | Found a sacrificial altar of Ru.
  1439 | D:2      | Gained mutation: You regenerate magic rapidly. [demonic
                  | ancestry]
  1439 | D:2      | Reached XP level 4. HP: 23/30 MP: 7/7
  2073 | D:3      | Reached skill level 6 in Necromancy
  2073 | D:3      | Reached XP level 5. HP: 31/35 MP: 9/9
  2178 | D:3      | Noticed Terence
  2229 | D:3      | Slain by a worm

Illustrated notes

Levels and vault maps discovered:
D:1:      evilmike_arrival_hilbert_curve, layout_basic,
          chequers_ecumenical_altar_island
D:2:      layout_basic, basic_altar
D:3:      layout_loops_cross, lightli_sewer_entry_pipes, minmay_hedge_maze,
          uniq_terence

Skill      XL: |  1  2  3  4  5 |
---------------+----------------+-----
Necromancy     | 5 6 |  6.2
Stealth        | 2 |  2.1
Spellcasting   | 3 |  3.2
Dodging        | 2 |  2.1

Action                   |  1- 3 |  4- 6 || total
-------------------------+-------+-------++-------
Melee: Short sword       |     1 |    19 ||    20
 Cast: Necrotise         |    49 |    46 ||    95
Armor: Robe              |     2 |     4 ||     6
Dodge: Dodged            |    11 |    23 ||    34

Table legend: (Time is in decaauts)
 A = Elapsed time spent in this place.
 B = Non-inter-level travel time spent in this place.
 C = Inter-level travel time spent in this place.
 D = Time resting spent in this place.
 E = Time spent auto-exploring this place.
 F = Levels seen in this place.
 G = Mean time per level.
                   A        B        C        D        E       F      G
               +--------+--------+--------+--------+--------+-----+--------+
         Total |   2232 |   2093 |    139 |      0 |   1815 |   3 |  744.0 |
       Dungeon |   2232 |   2093 |    139 |      0 |   1815 |   3 |  744.0 |
               +--------+--------+--------+--------+--------+-----+--------+

Top non-repeatable levels by time:
     D:1: 1100 daAuts
     D:2: 830 daAuts
     D:3: 301 daAuts
